 Dungeon Crawl Stone Soup version 0.26-a0-58-g79b31b8662 (webtiles) character file.

Game seed: 13704423568462989690

738 Gwenloh the Sneak (level 8, -3/48 HPs)
             Began as a Kobold Enchanter on June 8, 2020.
             Was a Follower of Wu Jian.
             Slain by a bullfrog (8 damage)
             ... on level 6 of the Dungeon on June 9, 2020.
             The game lasted 00:24:50 (6527 turns).

Gwenloh the Sneak (Kobold Enchanter)                Turns: 6527, Time: 00:24:51

Health: -3/48      AC:  5    Str:  5    XL:     8   Next: 4%
Magic:  0/11       EV: 17    Int: 18    God:    Wu Jian [*.....]
Gold:   280        SH:  0    Dex: 16    Spells: 2/11 levels left

rFire    . . .     SeeInvis .   a - +2 dagger
rCold    . . .     Gourm    .   (shield restricted)
rNeg     . . .     Faith    .   b - +1 robe
rPois    +         Spirit   .   A - +1 helmet
rElec    .         Reflect  .   (no cloak)
rCorr    .         Harm     .   (no gloves)
MR       .....                  (no boots)
Stlth    ++++......             (no amulet)
HPRegen  0.16/turn              y - ring of poison resistance
MPRegen  0.12/turn              D - ring of stealth

@: very slightly contaminated
A: small, carnivore
a: Renounce Religion


You were on level 6 of the Dungeon.
You worshipped Wu Jian.
Wu Jian was aware of your devotion.
You were completely stuffed.

You visited 1 branch of the dungeon, and saw 6 of its levels.

You collected 280 gold pieces.

Inventory:

Hand Weapons
 a - a +2 dagger (weapon)
Missiles
 e - 270 stones
 f - 28 poisoned darts
 B - 18 boomerangs (quivered)
Armour
 b - a +1 robe (worn)
 u - a +0 buckler
 v - a +0 leather armour
 A - a +1 helmet (worn)
Jewellery
 y - a ring of poison resistance (left hand)
 z - an uncursed ring of protection from magic
 D - a ring of stealth (right hand)
Wands
 m - a wand of digging (5)
 t - a wand of flame (6)
 x - a wand of paralysis (3)
 H - a wand of disintegration (10)
Scrolls
 g - 4 scrolls of teleportation
 h - a scroll of remove curse
 j - a scroll of amnesia
 n - a scroll of immolation
 o - a scroll of noise
Potions
 i - a potion of curing {unknown}
 k - a potion of haste {unknown}
 l - a potion of ambrosia {unknown}
 p - 2 potions of invisibility {unknown}
 q - a potion of heal wounds {unknown}
 r - 2 potions of degeneration {unknown}
 w - 2 potions of stabbing {unknown}
 E - a potion of magic {unknown}
 G - a potion of flight {unknown}
Comestibles
 c - 3 chunks of flesh
 d - 11 rations


   Skills:
 * Level 4.4 Fighting
 + Level 4.3 Short Blades
 + Level 4.3 Dodging
 + Level 6.1 Stealth
 - Level 2.1 Spellcasting
 * Level 5.3 Hexes


You had 2 spell levels left.
You knew the following spells:

 Your Spells              Type           Power        Failure   Level  Hunger
a - Corona                Hex            ###....      1%          1    #......
b - Ensorcelled Hibernat  Hex/Ice        ##....       9%          2    ###....
c - Confusing Touch       Hex            ###.....     6%          3    ###....
d - Tukima's Dance        Hex            ###.....     6%          3    ###....

Your spell library contained the following spells:

 Spells                   Type           Power        Failure   Level  Hunger
 Dazzling Flash           Conj/Hex       ##....       19%         3    ###....


Dungeon Overview and Level Annotations

Branches:
Dungeon (6/15)
 Temple: D:4-7

Altars:
Fedhas
Hepliaklqana
Wu Jian
Xom
Zin


Innate Abilities, Weirdness & Mutations

You are small and have problems with some larger weapons.
You are carnivorous and can eat meat at any time.


Message History

The orc wizard casts a spell at you. The magic dart hits you.
* * * LOW HITPOINT WARNING * * *
The orc completely misses you. The orc barely misses you.
You hit the orc.
The orc is severely wounded.
The bullfrog hits you.
* * * LOW HITPOINT WARNING * * *
The orc wizard barely misses you. The orc barely misses you.
The orc closely misses you.
The bullfrog swells and bulges.
The bullfrog completely misses you.
Unknown command.
Unknown command.
Unknown command.
You hit the orc but do no damage.
The orc is severely wounded.
The orc wizard hits you but does no damage.
The orc hits you but does no damage. The bullfrog hits you!
You die...

...#.?....##....#
...........#....#
...............###
..............#.. .
#..(.......... ..
#......##..#
...#####.#o§#...##
(......Z.#oo§# ..#
.........#@o§#..#.#
........###F§......
.........#§§.......
.!.....#...........
......##...........
...... #...........
...... #.?.........
.....# ............
..... #............


You could see a bullfrog, an orc wizard and 3 orcs.

Vanquished Creatures
  A phantom (D:5)
  A sky beast (D:5)
  2 ogres (D:4)
  2 crimson imps (D:5)
  A bullfrog zombie (D:5)
  A hound (D:5)
  Ijyb (D:3)
  2 iguanas
  A worker ant (D:5)
  2 hound skeletons (D:5)
  6 adders
  A worm (D:2)
  3 dart slugs
  2 leopard geckos (D:2)
  5 orcs
  5 giant cockroaches
  9 goblins
  5 hobgoblins
  6 jackals (D:3)
  5 kobolds
  3 quokkas
  6 bats
  7 frilled lizards
  3 rats
80 creatures vanquished.

Notes
Turn   | Place    | Note
-------+----------+-------------------------------------------
     0 | D:1      | Gwenloh the Kobold Enchanter began the quest for the Orb.
     0 | D:1      | Reached XP level 1. HP: 10/10 MP: 3/3
   309 | D:1      | Reached XP level 2. HP: 16/16 MP: 5/5
   869 | D:1      | Learned a level 2 spell: Ensorcelled Hibernation
  1237 | D:1      | Reached XP level 3. HP: 8/20 MP: 4/6
  1411 | D:1      | Learned a level 3 spell: Confusing Touch
  1453 | D:1      | Reached skill level 1 in Fighting
  2386 | D:2      | You fall into a shaft and drop 1 floor!
  2386 | D:3      | Found an ornate altar of the Wu Jian Council.
  2391 | D:3      | Became a worshipper of the Wu Jian Council
  2395 | D:3      | Found a hazy altar of Hepliaklqana.
  2399 | D:3      | Found a blossoming altar of Fedhas.
  2426 | D:3      | Reached XP level 4. HP: 22/25 MP: 3/7
  2826 | D:2      | Found a shimmering altar of Xom.
  2826 | D:2      | Found a glowing silver altar of Zin.
  2826 | D:2      | Noticed an angel
  3463 | D:3      | Noticed Ijyb
  3478 | D:3      | Killed Ijyb
  3478 | D:3      | Reached XP level 5. HP: 26/30 MP: 5/8
  3536 | D:3      | You fall into a shaft and drop 1 floor!
  3553 | D:4      | Noticed an ogre
  3586 | D:4      | Killed an ogre
  3586 | D:4      | Reached skill level 5 in Stealth
  3586 | D:4      | Reached XP level 6. HP: 7/36 MP: 6/9
  3911 | D:3      | Reached * piety under Wu Jian
  4631 | D:4      | Noticed an ogre
  4642 | D:4      | Killed an ogre
  5080 | D:5      | Entered Level 5 of the Dungeon
  5205 | D:5      | Noticed a phantom
  5208 | D:5      | Noticed a sky beast
  5232 | D:5      | Killed a phantom
  5232 | D:5      | Reached XP level 7. HP: 24/41 MP: 10/10
  5385 | D:5      | HP: 2/41 [something (6)]
  5713 | D:5      | Reached skill level 5 in Hexes
  6094 | D:5      | Reached skill level 6 in Stealth
  6355 | D:5      | Reached XP level 8. HP: 48/48 MP: 11/11
  6360 | D:5      | Learned a level 3 spell: Tukima's Dance
  6527 | D:6      | Slain by a bullfrog

Illustrated notes

Levels and vault maps discovered:
D:1:      evilmike_arrival_rings, layout_rooms
D:2:      layout_basic, grunt_temple_overflow_order_and_chaos_1,
          minmay_goblin_kobold_house
D:3:      layout_loops_ring, minitemple, uniq_ijyb
D:4:      layout_loops_ring
D:5:      layout_loops_cross, first_ration
D:6:      layout_cave_pools, serial_shops, nicolae_shop_waterfront

Skill      XL: |  1  2  3  4  5  6  7 |
---------------+----------------------+-----
Short Blades   | 2 3 4 |  4.3
Fighting       | 1 2 3 4 |  4.4
Dodging        | 3 4 |  4.3
Stealth        | 5 6 |  6.1
Hexes          | 4 5 |  5.3
Spellcasting   | |  2.1

Action                   |  1- 3 |  4- 6 |  7- 9 || total
-------------------------+-------+-------+-------++-------
Melee: Dagger            |   131 |   149 |    89 ||   369
Throw: Stone             |     4 |       |       ||     4
       Dart              |    13 |    16 |       ||    29
       Boomerang         |       |     1 |    16 ||    17
 Cast: Corona            |     6 |     2 |       ||     8
       Ensorcelled Hiber |     4 |     9 |    15 ||    28
       Confusing Touch   |     3 |     6 |     1 ||    10
Invok: Lunge             |     1 |    14 |     7 ||    22
       Whirlwind         |       |     1 |     1 ||     2
Evoke: Wand              |       |     1 |     3 ||     4
  Use: Scroll            |       |     5 |     6 ||    11
 Stab: Sleeping          |     7 |    14 |    14 ||    35
       Confused          |     3 |     4 |       ||     7
       Distracted        |       |     1 |       ||     1
       Paralysed         |       |       |     1 ||     1
  Eat: Chunk             |    14 |    10 |     5 ||    29
Armor: Robe              |    14 |     4 |    13 ||    31
Dodge: Dodged            |    68 |    92 |    72 ||   232

Table legend:
 A = Non-vault XP
 B = Vault XP
 C = Vault XP percentage of total XP
 D = Non-vault monster count
 E = Vault monster count
 F = Vault count percentage of total count
                 A         B        C        D         E       F
            +---------+---------+-------+---------+---------+-------
      Total |    1009 |      46 |   4.4 |      75 |       5 |   6.2
            +---------+---------+-------+---------+---------+-------
        D:1 |      32 |       0 |   0.0 |      18 |       0 |   0.0
        D:2 |      63 |       8 |  11.3 |      21 |       4 |  16.0
        D:3 |      65 |      38 |  36.9 |      14 |       1 |   6.7
        D:4 |     278 |       0 |   0.0 |       5 |       0 |   0.0
        D:5 |     571 |       0 |   0.0 |      17 |       0 |   0.0
            +---------+---------+-------+---------+---------+-------
